 Dungeon Crawl Stone Soup version 0.32-a0-791-gfc315c9ecd (webtiles) character file.

Game seed: 14022676301962157543

4145 jasper the Blocker (level 10, 0/115 (123) HPs)
             Began as a Gnoll Fighter on Mar 20, 2024.
             Was a High Priest of Okawaru.
             Slain by a wight
             ... wielding a +2 dire flail
              (6 damage)
             ... on level 8 of the Dungeon.
             The game lasted 00:11:06 (6183 turns).

jasper the Blocker (Gnoll Fighter)                  Turns: 6183, Time: 00:11:07

HP:   0/115 (123)   AC: 15    Str: 26    XL:     10   Next: 27%
MP:   8/8           EV: 12    Int:  7    God:    Okawaru [*****.]
Gold: 300           SH:  5    Dex: 12    Spells: 19/19 levels left

rFire   + . .        u - +0 whip (flame)
rCold   + . .        c - +0 buckler
rNeg    . . .        q - +3 leather armour of Okhlimi {rC+ rCorr MP-9}
rPois   .            p - +2 helmet
rElec   .            d - +0 cloak
rCorr   +            n - +2 pair of gloves
SInv    .            (no boots)
Will    .....        (no amulet) Stlth
                     C - ring of protection from fire
HPRegen 0.39/turn    H - +6 ring of strength
MPRegen 0.11/turn

%: no passive effects
@: berserking, drained, very quick
A: fangs 1, strong nose, distributed training
a: Renounce Religion, Heroism, Finesse, Duel


You were on level 8 of the Dungeon.
You worshipped Okawaru.
Okawaru was extremely pleased with you.
You visited 1 branch of the dungeon, and saw 8 of its levels.

You collected 300 gold pieces.

Inventory:

Hand Weapons
 a - a +1 flail of freezing
 r - a +0 mace
 u - a +0 whip of flaming (weapon)
 y - a +0 falchion of electrocution
 I - a +3 trident of draining
Missiles
 h - 10 poisoned darts
 j - 78 stones
 o - 5 javelins
 A - 8 boomerangs (quivered)
 G - 5 datura-tipped darts
Armour
 b - a +0 scale mail
 c - a +0 buckler (worn)
 d - a +0 cloak (worn)
 n - a +2 pair of gloves (worn)
 p - a +2 helmet (worn)
 q - the +3 leather armour of Okhlimi (worn) {rC+ rCorr MP-9}
   (You found it on level 4 of the Dungeon)

   rC+:       It protects you from cold.
   MP-9:      It affects your magic capacity (-9).
   rCorr:     It protects you from acid and corrosion.
 F - a +0 tower shield
Jewellery
 C - a ring of protection from fire (left hand)
 H - a +6 ring of strength (right hand)
Wands
 k - a wand of roots (2)
 K - a wand of digging (4)
Scrolls
 e - a scroll of fog
 m - 2 scrolls of teleportation
 t - a scroll of revelation
 v - a scroll of enchant armour
 w - a scroll of amnesia
 D - a scroll of noise {unknown}
 E - a scroll of identify
Potions
 f - 2 potions of lignification
 g - a potion of berserk rage
 i - a potion of mutation {unknown}
 l - 2 potions of haste
 s - 2 potions of curing {unknown}
 x - 2 potions of might
 z - 3 potions of attraction {unknown}
 B - 2 potions of heal wounds {unknown}
 J - a potion of ambrosia {unknown}


   Skills:
 + Level 8.5 Fighting
 + Level 5.3 Short Blades
 + Level 5.3 Long Blades
 + Level 5.3 Axes
 + Level 7.1 Maces & Flails
 + Level 5.3 Polearms
 + Level 5.3 Staves
 + Level 5.3 Ranged Weapons
 + Level 5.3 Throwing
 + Level 8.5 Armour
 + Level 5.3 Dodging
 + Level 5.3 Stealth
 + Level 8.5 Shields
 + Level 5.3 Unarmed Combat
 + Level 5.3 Spellcasting
 + Level 4.4 Conjurations
 + Level 4.4 Hexes
 + Level 4.4 Summonings
 + Level 4.4 Necromancy
 + Level 4.4 Translocations
 + Level 4.4 Fire Magic
 + Level 4.4 Ice Magic
 + Level 4.4 Air Magic
 + Level 4.4 Earth Magic
 + Level 4.4 Alchemy
 + Level 5.8 Invocations
 + Level 5.3 Evocations
 + Level 4.8 Shapeshifting


You had 19 spell levels left.
You didn't know any spells.
Your spell library contained the following spells:

 Spells                   Type           Power      Damage    Failure   Level
 Apportation              Tloc           16%        N/A       6%          1
 Necrotise                Necr           32%        1d5       6%          1
 Sting                    Conj/Alch      32%        1d5       6%          1
 Mercury Vapours          Alch/Air       16%        N/A       9%          2
 Olgreb's Toxic Radiance  Alch           8%         N/A       50%         4
 Summon Small Mammal      Summ           Unusable   N/A       N/A         1

Dungeon Overview and Level Annotations

Branches:
Dungeon (8/15)             Temple (0/1) D:6
   Lair: D:8-11

Altars:
Hepliaklqana
Makhleb
Okawaru
Trog
Vehumet
Wu Jian

Annotations:
D:8 Psyche


Innate Abilities, Weirdness & Mutations

You have very sharp teeth.
Your uncanny sense of smell can sniff out nearby items.
Your experience applies equally to all skills.


Message History

You closely miss the orc priest.
The orc priest is moderately wounded.
The orc priest hits you but does no damage.
The orc priest barely misses you.
You closely miss the orc priest.
The orc priest is moderately wounded.
You closely miss the orc priest. Your bite misses the orc priest.
The orc priest is moderately wounded.
The orc priest closely misses you. You block the orc priest's attack.
You whack the orc priest! You burn the orc priest.
You kill the orc priest!
Okawaru accepts your kill.
A wight comes into view. It is wielding a +4 great sword.
The orc priest hits you with a +0 trident.
* * * LOW HITPOINT WARNING * * *
Items here: $ )))) [[[[ †.
You take 3 damage, and have 33/120 hp.
You whack the orc priest! You burn the orc priest.
You kill the orc priest!
Okawaru accepts your kill.
The wight hits you with a +2 dire flail!
* * * LOW HITPOINT WARNING * * *
You feel drained.
* * * LOW HITPOINT WARNING * * *
Things that are here:
a +0 trident; a +0 chain mail You take 10 damage, and have 23/120 hp.
You barely miss the wight. Your bite misses the wight.
The wight hits you with a +2 dire flail!
* * * LOW HITPOINT WARNING * * *
You feel drained.
* * * LOW HITPOINT WARNING * * *
You take 18 damage, and have 5/115 hp.
You barely miss the wight. You whack the wight! You burn the wight.
The wight is heavily damaged.
You closely miss the wight.
The wight is heavily damaged.
The wight hits you with a +2 dire flail.
You die...

#.# #.......#
#...#.# #.#
#########
#.###.#
#.....#
#.#####
#######†#
#.......# #
#.#######
...##.#####.#
#..)zoz@$.>.#
...##.#######
.. ..# #. .
).. #.# #o#


You could see 2 wights and an orc.

Vanquished Creatures
  Pikel (D:5)
  Jeremiah (D:7)
  A hornet (D:6)
  Prince Ribbit (D:8)
  3 yaks (D:5)
  Eustachio (D:6)
  An acid dragon (D:8)
  An ice beast (D:5)
  An ogre (D:7)
  2 centaurs
  2 lemures (D:5)
  A phantom (D:6)
  A kobold brigand (D:7)
  Blork the orc (D:5)
  2 bullfrogs (D:6)
  5 scorpions
  3 wights (D:8)
  5 killer bees (D:8)
  3 bombardier beetles
  A howler monkey (D:6)
  4 orc priests
  A jelly (D:5)
  3 hounds
  Crazy Yiuf (D:3)
  2 sleepcaps
  A gnoll bouda (D:4)
  5 iguanas
  3 orc wizards
  9 gnolls
  5 adders
  A white imp (D:5)
  2 ufetubi (D:5)
  2 ribbon worms
  18 orcs
  4 bats (D:1)
  4 endoplasms
  3 giant cockroaches (D:4)
  3 goblins
  5 hobgoblins
  14 kobolds
  5 quokkas
  8 ball pythons
  5 frilled lizards
  5 rats
150 creatures vanquished.

Vanquished Creatures (others)
  An orc wizard (D:6)
1 creature vanquished.

Grand Total: 151 creatures vanquished

Notes
Turn   | Place    | Note
-------+----------+-------------------------------------------
     0 | D:1      | jasper the Gnoll Fighter began the quest for the Orb.
     0 | D:1      | Reached XP level 1. HP: 23/23 MP: 1/1
   242 | D:1      | Reached XP level 2. HP: 29/29 MP: 2/2
   964 | D:2      | Reached XP level 3. HP: 35/35 MP: 3/3
  1257 | D:2      | Reached skill level 1 in Invocations
  1388 | D:2      | Reached skill level 1 in Short Blades
  1388 | D:2      | Reached skill level 1 in Long Blades
  1388 | D:2      | Reached skill level 1 in Axes
  1388 | D:2      | Reached skill level 1 in Polearms
  1388 | D:2      | Reached skill level 1 in Staves
  1388 | D:2      | Reached skill level 1 in Ranged Weapons
  1388 | D:2      | Reached skill level 1 in Throwing
  1388 | D:2      | Reached skill level 1 in Dodging
  1388 | D:2      | Reached skill level 1 in Stealth
  1388 | D:2      | Reached skill level 1 in Unarmed Combat
  1388 | D:2      | Reached skill level 1 in Spellcasting
  1388 | D:2      | Reached skill level 1 in Evocations
  1426 | D:2      | Reached skill level 1 in Shapeshifting
  1426 | D:2      | Reached XP level 4. HP: 41/41 MP: 5/5
  1783 | D:3      | Found a runed translucent door.
  1784 | D:3      | Noticed Crazy Yiuf
  1791 | D:3      | Killed Crazy Yiuf
  1792 | D:3      | Reached skill level 1 in Conjurations
  1792 | D:3      | Reached skill level 1 in Hexes
  1792 | D:3      | Reached skill level 1 in Summonings
  1792 | D:3      | Reached skill level 1 in Necromancy
  1792 | D:3      | Reached skill level 1 in Translocations
  1792 | D:3      | Reached skill level 1 in Fire Magic
  1792 | D:3      | Reached skill level 1 in Ice Magic
  1792 | D:3      | Reached skill level 1 in Air Magic
  1792 | D:3      | Reached skill level 1 in Earth Magic
  1792 | D:3      | Reached skill level 1 in Alchemy
  2016 | D:3      | Found a hazy altar of Hepliaklqana.
  2017 | D:3      | Found an ornate altar of the Wu Jian Council.
  2018 | D:3      | Found an iron altar of Okawaru.
  2021 | D:3      | Became a worshipper of Warmaster Okawaru
  2024 | D:3      | Found a radiant altar of Vehumet.
  2067 | D:3      | Reached XP level 5. HP: 11/47 MP: 5/7
  2399 | D:4      | Identified the +3 leather armour of Okhlimi {rC+ rCorr
                  | MP-9}
  2622 | D:4      | You fall into a shaft and drop 3 floors!
  2700 | D:6      | Noticed Eustachio
  2700 | D:6      | Noticed a phantom
  2725 | D:5      | Entered Level 5 of the Dungeon
  2763 | D:5      | Noticed a lemure
  2782 | D:5      | Killed a lemure
  2825 | D:5      | Noticed a lemure
  2826 | D:5      | Noticed Pikel
  2832 | D:5      | Noticed a lemure
  2834 | D:5      | Noticed a yak
  2835 | D:5      | Noticed a lemure
  2836 | D:5      | Killed a lemure
  2838 | D:5      | Killed Pikel
  2838 | D:5      | Reached * piety under Okawaru
  2838 | D:5      | Reached ** piety under Okawaru
  2839 | D:5      | Reached skill level 5 in Maces & Flails
  2839 | D:5      | Reached XP level 6. HP: 48/55 MP: 1/10
  2839 | D:5      | Reached XP level 7. HP: 52/60 MP: 2/11
  2841 | D:5      | Noticed a yak
  2843 | D:5      | Noticed a yak
  2844 | D:5      | Killed a yak
  2853 | D:5      | Killed a yak
  2854 | D:5      | Reached XP level 8. HP: 33/67 MP: 3/12
  2856 | D:5      | Killed a yak
  2856 | D:5      | Reached *** piety under Okawaru
  3006 | D:5      | Noticed Blork the orc
  3013 | D:5      | Killed Blork the orc
  3573 | D:4      | Reached XP level 9. HP: 41/73 MP: 2/14
  4185 | D:6      | Found a staircase to the Ecumenical Temple.
  4321 | D:6      | Reached **** piety under Okawaru
  4588 | D:6      | Killed Eustachio
  4589 | D:6      | Reached skill level 5 in Invocations
  4880 | D:6      | Noticed a hornet
  4895 | D:6      | Paralysed by a hornet for 1 turns
  4898 | D:6      | Killed a hornet
  5072 | D:7      | Identified the +1 quarterstaff of Wosu {venom, rF++}
  5260 | D:7      | Noticed Jeremiah
  5278 | D:7      | Killed Jeremiah
  5279 | D:7      | Reached skill level 5 in Short Blades
  5279 | D:7      | Reached skill level 5 in Long Blades
  5279 | D:7      | Reached skill level 5 in Axes
  5279 | D:7      | Reached skill level 5 in Polearms
  5279 | D:7      | Reached skill level 5 in Staves
  5279 | D:7      | Reached skill level 5 in Ranged Weapons
  5279 | D:7      | Reached skill level 5 in Throwing
  5279 | D:7      | Reached skill level 5 in Dodging
  5279 | D:7      | Reached skill level 5 in Stealth
  5279 | D:7      | Reached skill level 5 in Unarmed Combat
  5279 | D:7      | Reached skill level 5 in Spellcasting
  5279 | D:7      | Reached skill level 5 in Evocations
  5279 | D:7      | Reached XP level 10. HP: 55/81 MP: 8/17
  5481 | D:7      | Found a burning altar of Makhleb.
  5795 | D:8      | Found a bloodstained altar of Trog.
  5833 | D:8      | Noticed Psyche
  6039 | D:8      | Noticed Prince Ribbit
  6046 | D:8      | Killed Prince Ribbit
  6155 | D:8      | Reached ***** piety under Okawaru
  6180 | D:8      | HP: 5/115 [wight/+2 dire flail (6)]
  6183 | D:8      | Slain by a wight

Illustrated notes

Levels and vault maps discovered:
D:1:      matt_arrival_spirals, layout_basic
D:2:      layout_loops_ring
D:3:      layout_basic, minitemple, uniq_crazy_yiuf_cottage
D:4:      layout_gridville, chequers_ossuary_entry_cave, portal_sewer_entry_b,
          hangedman_decor_clover_reticule, hangedman_decor_riveting,
          hangedman_abyss_or_decor_passed
D:5:      layout_basic, uniq_blork_the_orc, uniq_pikel
D:6:      layout_basic, minmay_temple_entry_slanted,
          dreamdust_mushroom_princess, chequers_serial_rivers_micro_a,
          minivault_26, uniq_eustachio
D:7:      layout_cave_pools, mainiacjoe_overflow_alcove_2, uniq_jeremiah
D:8:      layout_loops_cross, overflow_temple_1_default,
          mainiacjoe_overflow_paths, nicolae_yredelemnul_corpse_copse,
          kennysheep_generic_room_8, uniq_psyche, uniq_prince_ribbit1,
          uniq_amaemon, uniq_maggie

Skill      XL: |  1  2  3  4  5  6  7  8  9 10 |
---------------+-------------------------------+-----
Invocations    | 1 3 4 5 |  5.8
Short Blades   | 1 2 3 5 |  5.3
Long Blades    | 1 2 3 5 |  5.3
Axes           | 1 2 3 5 |  5.3
Polearms       | 1 2 3 5 |  5.3
Staves         | 1 2 3 5 |  5.3
Ranged Weapons | 1 2 3 5 |  5.3
Throwing       | 1 2 3 5 |  5.3
Dodging        | 1 2 3 5 |  5.3
Stealth        | 1 2 3 5 |  5.3
Unarmed Combat | 1 2 3 5 |  5.3
Spellcasting   | 1 2 3 5 |  5.3
Evocations     | 1 2 3 5 |  5.3
Shapeshifting  | 1 2 3 4 |  4.8
Conjurations   | 1 2 3 4 |  4.4
Hexes          | 1 2 3 4 |  4.4
Summonings     | 1 2 3 4 |  4.4
Necromancy     | 1 2 3 4 |  4.4
Translocations | 1 2 3 4 |  4.4
Fire Magic     | 1 2 3 4 |  4.4
Ice Magic      | 1 2 3 4 |  4.4
Air Magic      | 1 2 3 4 |  4.4
Earth Magic    | 1 2 3 4 |  4.4
Alchemy        | 1 2 3 4 |  4.4
Fighting       | 7 8 |  8.5
Maces & Flails | 5 6 7 |  7.1
Armour         | 7 8 |  8.5
Shields        | 7 8 |  8.5

Action                     |  1- 3 |  4- 6 |  7- 9 | 10-12 || total
---------------------------+-------+-------+-------+-------++-------
  Melee: Flail             |    87 |    97 |     4 |       ||   188
         Bite              |     5 |    10 |    48 |     7 ||    70
         Whip              |       |       |   363 |    96 ||   459
  Throw: Dart              |     9 |    12 |     8 |     3 ||    32
         Boomerang         |       |       |    39 |    24 ||    63
 Invoke: Heroism           |       |       |     3 |     1 ||     4
  Evoke: Wand              |       |     2 |     7 |       ||     9
    Use: Scroll            |     3 |     4 |     7 |       ||    14
         Potion            |       |     1 |       |     1 ||     2
   Stab: Sleeping          |       |       |     1 |       ||     1
 Armour: Scale mail        |    55 |    40 |       |       ||    95
         Leather armour    |       |    31 |   180 |    56 ||   267
  Dodge: Dodged            |    39 |    39 |   189 |    32 ||   299
  Block: Buckler           |    16 |    26 |   126 |    17 ||   185

Table legend: (Time is in decaauts)
 A = Elapsed time spent in this place.
 B = Non-inter-level travel time spent in this place.
 C = Inter-level travel time spent in this place.
 D = Time resting spent in this place.
 E = Time spent auto-exploring this place.
 F = Levels seen in this place.
 G = Mean time per level.
                   A        B        C        D        E       F      G
               +--------+--------+--------+--------+--------+-----+--------+
         Total |   6108 |   5894 |    214 |    371 |   3988 |   8 |  763.5 |
       Dungeon |   6108 |   5894 |    214 |    371 |   3988 |   8 |  763.5 |
               +--------+--------+--------+--------+--------+-----+--------+

Top non-repeatable levels by time:
     D:1: 947 daAuts
     D:6: 934 daAuts
     D:4: 835 daAuts
     D:5: 806 daAuts
     D:3: 800 daAuts
     D:7: 762 daAuts
     D:2: 628 daAuts
     D:8: 392 daAuts
